 Dungeon Crawl Stone Soup version 0.20.0-15-g7f486f2 (webtiles) character file.

515 Gitz the Chopper (level 7, -1/55 HPs)
             Began as a Human Berserker on June 19, 2017.
             Was a Priest of Trog.
             Slain by an iguana (6 damage)
             ... on level 4 of the Dungeon.
             The game lasted 00:06:47 (2270 turns).

Gitz the Chopper (Human Berserker)                  Turns: 2270, Time: 00:06:48

Health: -1/55      AC: 17    Str: 17 (20) XL:     7   Next: 44%
Magic:  7/7        EV:  9    Int:  5 (7)  God:    Trog [***...]
Gold:   215        SH:  0    Dex: 10 (12) Spells: 6/6 levels left

rFire    x . .     SeeInvis .   u - +2 flail (protect)
rCold    + + .     Gourm    .   (no shield)
rNeg     . . .     Faith    .   d - +0 ice dragon scales
rPois    .         Spirit   .   s - +0 helmet
rElec    .         Reflect  .   (no cloak)
rCorr    .         Harm     .   (no gloves)
MR       ++...                  (no boots)
Stlth    ..........             (no amulet)
Regen    1.2/turn               (no ring)
MPRegen  0.1/turn               (no ring)

@: protection aura, regenerating, heavily drained
A: no striking features
a: Berserk, Trog's Hand, Burn Spellbooks, Renounce Religion


You were on level 4 of the Dungeon.
You worshipped Trog.
Trog was most pleased with you.
You were hungry.

You visited 1 branch of the dungeon, and saw 4 of its levels.

You collected 215 gold pieces.

Inventory:

Hand Weapons
 u - a +2 flail of protection (weapon)
Armour
 d - +0 ice dragon scales (worn)
 s - a +0 helmet (worn)
Wands
 q - a wand of flame (21/48)
Scrolls
 l - a scroll of teleportation
Potions
 e - a potion of curing
 g - 2 potions of agility
 h - a potion of might
 j - 2 potions of haste
 m - a potion of resistance
 r - a potion of berserk rage {unknown}
Comestibles
 c - 5 bread rations
 f - 10 chunks of flesh
 i - 2 meat rations
 o - 4 royal jellies


   Skills:
 + Level 4.4(2.0) Fighting
   Level 5.7(3.1) Axes
 + Level 3.9(1.5) Armour
 + Level 3.3(1.0) Dodging


You had 6 spell levels left.
You didn't know any spells.

Dungeon Overview and Level Annotations

Branches:
Dungeon (4/15)
 Temple: D:4-7

Altars:
Ru
Sif Muna
Uskayaw


Message History

Found 28 arrows.
You sock the iguana!
The iguana is almost dead.
The iguana barely misses you.
You hit the iguana.
The iguana is almost dead.
The iguana bites you.
* * * LOW HITPOINT WARNING * * *
You hit the orc wizard but do no damage.
The orc wizard hits you but does no damage.
The orc wizard casts a spell at you. The magic dart hits you!
* * * LOW HITPOINT WARNING * * *
The iguana completely misses you.
It was a potion of degeneration.
There was something very wrong with that liquid.
You feel weakened.
You feel dopey.
You feel clumsy.
The orc wizard hits you but does no damage.
The iguana bites you.
You die...

..######### #
#.#.......# # ##
#.#.......# # #.
#>#.......### ######.
#.........'.. .......
###.#......÷##. .......
..#.#..[....##.
.......###.#.[.......##.
(......@ll.#))#......##.
......o##o.#.#.#.######.
......S..†))#...#.# #.
......####.#.....#.# #.
...... #.#.≈≈≈.#.# #.
###### #o#≈...≈# # #.
#.#≈._.≈# #. <.#≈...≈#
#. #.#.≈≈≈.# #.


You could see an iguana, 2 orc wizards, an adder and a leopard gecko.

Vanquished Creatures
  Edmund (D:4)
  A howler monkey (D:4)
  2 bullfrog skeletons
  2 orc priests (D:4)
  A hound skeleton (D:3)
  7 gnolls (D:3)
  4 adders
  4 oozes
  2 worms
  4 dart slugs
  2 leopard geckos
  9 orcs
  2 ball pythons
  4 giant cockroaches
  6 goblins
  5 hobgoblins
  11 jackals
  7 kobolds
  2 quokkas (D:2)
  8 bats
  5 frilled lizards
  6 rats
95 creatures vanquished.

Notes
Turn   | Place    | Note
-------+----------+-------------------------------------------
     0 | D:1      | Gitz the Human Berserker began the quest for the Orb.
     0 | D:1      | Reached XP level 1. HP: 18/18 MP: 1/1
   102 | D:1      | Reached XP level 2. HP: 20/24 MP: 2/2
   407 | D:1      | Reached XP level 3. HP: 24/29 MP: 3/3
   533 | D:1      | Reached ** piety under Trog
   709 | D:2      | Reached XP level 4. HP: 27/36 MP: 4/4
   734 | D:2      | Reached skill level 4 in Axes
  1291 | D:3      | Found a deep blue altar of Sif Muna.
  1292 | D:3      | Found a sacrificial altar of Ru.
  1431 | D:3      | Reached XP level 5. HP: 38/42 MP: 5/5
  1502 | D:3      | Found a faded altar of an unknown god.
  1658 | D:3      | Reached XP level 6. HP: 29/48 MP: 6/6
  1764 | D:3      | Reached skill level 5 in Axes
  1769 | D:3      | Reached *** piety under Trog
  2147 | D:4      | Noticed a hand axe
  2148 | D:4      | Found a hide-covered altar of Uskayaw.
  2148 | D:4      | Noticed a dagger
  2191 | D:4      | Found a sacrificial altar of Ru.
  2195 | D:4      | Noticed Edmund
  2215 | D:4      | Killed Edmund
  2215 | D:4      | Reached XP level 7. HP: 52/54 MP: 7/7
  2270 | D:4      | Slain by an iguana

Skill      XL: |  1  2  3  4  5  6 |
---------------+-------------------+-----
Axes           | 4 5 |  5.7
Fighting       | 4 |  4.4
Armour         | 3 |  3.9
Dodging        | 3 |  3.3

Action                   |  1- 3 |  4- 6 |  7- 9 || total
-------------------------+-------+-------+-------++-------
Melee: Hand axe          |   128 |   225 |     4 ||   357
       Flail             |       |       |    27 ||    27
Invok: Berserk           |       |     4 |       ||     4
       Trog's Hand       |       |     2 |     2 ||     4
  Use: Scroll            |       |     9 |     3 ||    12
       Potion            |       |       |     1 ||     1
  Eat: Chunk             |       |     8 |     2 ||    10
Armor: Ice dragon scales |    82 |   139 |    56 ||   277
Dodge: Dodged            |    83 |   163 |    30 ||   276
